Map: Abyssal Reef LE

Players

Yata - Winner!

  • Race: Terran Terran
  • League: Platinum
  • Spawn Location: 11:00

A.I. 1 (Very Easy)

  • Race: Terran Terran
  • Spawn Location: 5:00

VOD

Have the link to the VOD?

Description

Time

  • Played on: Sept. 21, 2017, 12:56 p.m.
  • Length: 12:24
Show
View Real Time Build Order
Export as new Build Order

Yata Terran - Winner!

Build Orders: MMM Bio 

Get SALT Encoding   

  12  0:00  SCV  
  13  0:22  Supply Depot  
  13  0:23  SCV  
  14  0:35  SCV  
  15  0:49  SCV  
  16  0:54  Barracks  
  16  1:01  SCV  
  17  1:09  Refinery  
  17  1:15  SCV  
  18  1:28  SCV  
  19  1:43  Orbital Command  
  19  1:48  Marine  
  20  2:23  Barracks Tech Lab, SCV  
  20  2:28  Command Center  
  21  2:37  Factory  
  21  2:42  Refinery  
  21  2:48  Marine  
  22  2:55  SCV  
  23  3:05  Barracks  
  23  3:51  Supply Depot  
  23  3:53  SCV  
  24  4:13  Supply Depot, SCV  
  25  4:24  Hellion  
  27  4:28  Marine  
  29  4:36  Barracks Tech Lab  
  29  4:37  Supply Depot  
  28  4:54  Hellion  
  28  4:58  SCV  
  28  4:59  SCV  
  32  5:08  Stimpack  
  32  5:09  Supply Depot, Barracks Reactor  
  32  5:31  Siege Tank  
  35  5:37  Factory  
  36  5:50  Orbital Command  
  36  5:51  SCV  
  36  5:57  Marine  
  36  5:58  Marine x2  
  36  6:04  SCV  
  40  6:15  Marine x2  
  40  6:16  Marine  
  40  6:18  SCV x2  
  45  6:23  Starport  
  45  6:30  Siege Tank  
  48  6:41  Barracks  
  48  7:04  Marine  
  48  7:05  Marine  
  48  7:06  Marine  
  51  7:10  Combat Shields  
  51  7:15  SCV x2  
  51  7:29  Starport Tech Lab  
  49  7:31  Supply Depot  
  49  7:38  Starport  
  49  7:46  Marine  
  50  7:52  Marine x2  
  50  7:53  Marine  
  50  7:55  Engineering Bay  
  53  8:04  Medivac  
  55  8:09  High Capacity Fuel Tanks  
  55  8:14  Marine  
  55  8:15  Marine x3  
  59  8:21  Engineering Bay  
  59  8:25  Siege Tank  
  62  8:50  Factory Reactor  
  62  8:54  SCV  
  63  8:57  Siege Tank  
  66  9:07  Command Center  
  66  9:09  Terran Infantry Weapons Level 1  
  66  9:10  Terran Infantry Armor Level 1  
  66  9:16  Armory  
  66  9:25  Starport Reactor  
  66  9:30  Medivac  
  68  9:32  Reaper  
  69  10:00  Medivac  
  71  10:08  Marine x4  
  75  10:15  Command Center  
  75  10:21  Siege Tank  
  75  10:26  Marine  
  79  10:53  Siege Tank  
  82  10:57  Marine x4  
  86  11:05  Medivac  
  88  11:15  Marine x4  
  92  11:27  Siege Tank  
  92  11:32  Marine  
  95  11:33  Marine  
  100  12:05  Supply Depot  
Show
View Real Time Build Order
Export as new Build Order

A.I. 1 (Very Easy) Terran 

Build Orders:  

Get SALT Encoding   

  12  0:00  SCV  
  13  0:13  SCV  
  14  0:19  Supply Depot  
  14  0:36  Refinery  
  14  0:42  Barracks  
  14  1:06  Supply Depot  
  14  1:14  Refinery  
  14  1:29  Marine  
  14  1:31  Orbital Command  
  15  1:57  SCV  
  16  2:04  Marine  
  17  2:09  SCV  
  18  2:22  SCV  
  19  2:34  SCV  
  20  2:39  Marine  
  21  2:46  SCV  
  22  2:58  SCV  
  23  5:57  SCV  
  23  5:58  Marine  
  23  6:00  Supply Depot  
  23  6:03  Factory  
  25  6:07  Command Center  
  25  6:22  SCV  
  25  6:25  Supply Depot  
  26  6:29  Barracks Tech Lab  
  26  6:34  SCV  
  24  6:46  SCV  
  25  6:47  Marine  
  25  6:50  Starport  
  26  6:58  SCV  
  27  7:18  Marine  
  27  7:19  SCV  
  29  7:26  Starport Tech Lab, SCV  
  29  7:31  Refinery  
  29  7:33  SCV  
  29  7:34  Refinery  
  30  7:41  SCV  
  31  7:44  Raven  
  31  7:48  SCV  
  31  7:49  Marauder  
  36  7:55  SCV  
  37  8:02  SCV  
  38  8:09  SCV  
  39  8:17  SCV  
  39  8:19  Marine  
  40  8:24  SCV  
  42  8:27  Raven  
  42  8:31  SCV  
  45  8:38  SCV  
  46  8:46  SCV  
  47  8:50  Marine  
  47  8:53  SCV  
  49  9:00  SCV  
  49  9:18  SCV  
  50  10:25  SCV  
  50  10:44  Marine  
  46  10:51  SCV  
  46  10:56  Medivac  
  37  10:58  Supply Depot, SCV  
  37  11:02  Marine  
  39  11:05  SCV  
  30  11:20  SCV  
  30  11:21  Marauder  
  30  11:24  Supply Depot  
  28  11:32  SCV  
  30  11:42  Marine  
  30  11:44  SCV  
  10  11:56  SCV  
  10  12:01  Marauder  
  5  12:17  Factory  
Tags
 
Composition
MMM Bio
League
Platinum
Matchup
TvT
Race
Terran
Replay Pack
Pack 1
Spawn Locations
Cross Positions
Add a new tag
Caveats
  • Supply blocks, unpowered buildings, or Contaminate may cause inaccurate times.
  • Supply counts are checked every 10 seconds.